MID
WEST MICHIGAN WHITECAPS @ CLINTON LUMBERKINGS
09/11/2045
 
TOP OF THE 1ST
West Michigan Whitecaps batting - Pitching for Clinton LumberKings : RHP Marty Maginnis
Pitching: RHP Marty Maginnis
Batting: RHB Tanner Purchase 0-0: Ball
1-0: Ball
2-0: Ball
3-0: Base on Balls
Batting: SHB Sean Foley 0-0: Ball
1-0: Foul Ball, location: 2F
1-1: Called Strike
1-2: Grounds into double play, 4-6-3 (Groundball, 4, EV 81.9 MPH)
Batting: RHB Dan Becvar 0-0: Foul Ball, location: 2F
0-1: Ball
1-1: Foul Ball, location: 2F
1-2: Ball
2-2: Strikes out swinging
Top of the 1st over - 0 runs, 0 hits, 0 errors, 0 left on base; West Michigan 0 - Clinton 0
BOTTOM OF THE 1ST
Clinton LumberKings batting - Pitching for West Michigan Whitecaps : RHP Ricky Tercero
Pitching: RHP Ricky Tercero
Batting: RHB Tomokazu Sugimoto 0-0: Fly out, F5 (Line Drive, 5, EV 61.9 MPH)
Batting: SHB Jose Castillo 0-0: Ground out 4-3 (Groundball, 4, EV 93.8 MPH)
Batting: RHB Joe Stading 0-0: Called Strike
0-1: Called Strike
0-2: Ball
1-2: Foul Ball, location: 2F
1-2: Ball
2-2: SINGLE (Groundball, 6MS, EV 64.4 MPH) (infield hit)
Batting: LHB Justin Long 0-0: Ball
1-0: Foul Ball, location: 2F
1-1: Ball
2-1: Ball
3-1: Base on Balls
Joe Stading to second
Batting: RHB Micah Roth 0-0: Foul Ball, location: 2F
0-1: Ball
1-1: Ball
2-1: Fly out, F4 (Popup, 34, EV 73.8 MPH)
Bottom of the 1st over - 0 runs, 1 hit, 0 errors, 2 left on base; West Michigan 0 - Clinton 0
TOP OF THE 2ND
West Michigan Whitecaps batting - Pitching for Clinton LumberKings : RHP Marty Maginnis
Batting: SHB Ross Holland 0-0: Ball
1-0: Ball
2-0: DOUBLE (Line Drive, 9LM, EV 109.4 MPH)
Batting: LHB Oscar Gonzalez 0-0: Ball
1-0: Ball
2-0: Ball
3-0: Called Strike
3-1: Called Strike
3-2: Foul Ball, location: 2F
3-2: Ground out 6-3 (Groundball, 6, EV 100.6 MPH)
Batting: SHB Jared Boyce 0-0: Ball
1-0: Foul Ball, location: 2F
1-1: Foul Ball, location: 2F
1-2: Strikes out swinging
Batting: RHB Jordan Mejias 0-0: DOUBLE (Line Drive, 7LS, EV 87.5 MPH)
Ross Holland scores
Batting: RHB Victor Reyes 0-0: Ball
1-0: Called Strike
1-1: SINGLE (Groundball, 25, EV 71.2 MPH) (infield hit)
Jordan Mejias to third
Batting: RHB Jordan Hall 0-0: Ball
1-0: Fielders Choice at 2nd, 5-4 (Groundball, 5L, EV 84.4 MPH)
Top of the 2nd over - 1 run, 3 hits, 0 errors, 2 left on base; West Michigan 1 - Clinton 0
BOTTOM OF THE 2ND
Clinton LumberKings batting - Pitching for West Michigan Whitecaps : RHP Ricky Tercero
Batting: LHB Chang Huie 0-0: Called Strike
0-1: Ball
1-1: Called Strike
1-2: Strikes out swinging
Batting: SHB Raghnall Ahearne 0-0: Called Strike
0-1: Called Strike
0-2: Strikes out looking
Batting: RHB Clay Statum 0-0: Called Strike
0-1: Swinging Strike
0-2: Strikes out swinging
Bottom of the 2nd over - 0 runs, 0 hits, 0 errors, 0 left on base; West Michigan 1 - Clinton 0
TOP OF THE 3RD
West Michigan Whitecaps batting - Pitching for Clinton LumberKings : RHP Marty Maginnis
Batting: RHB Tanner Purchase 0-0: Swinging Strike
0-1: Swinging Strike
0-2: Ball
1-2: Ball
2-2: Strikes out swinging
Batting: SHB Sean Foley 0-0: Foul Ball, location: 2F
0-1: Ball
1-1: Ball
2-1: Foul Ball, location: 2F
2-2: Ball
3-2: Strikes out looking
Batting: RHB Dan Becvar 0-0: Called Strike
0-1: Ball
1-1: SOLO HOME RUN (Line Drive, 8LXD, EV 116.2 MPH), Distance : 479 ft
Batting: SHB Ross Holland 0-0: SINGLE (Groundball, P, EV 86.9 MPH) (infield hit)
Batting: LHB Oscar Gonzalez 0-0: Ground out 4-3 (Groundball, 4, EV 81.2 MPH)
Top of the 3rd over - 1 run, 2 hits, 0 errors, 1 left on base; West Michigan 2 - Clinton 0
BOTTOM OF THE 3RD
Clinton LumberKings batting - Pitching for West Michigan Whitecaps : RHP Ricky Tercero
Batting: RHB Danny Pujols 0-0: Swinging Strike
0-1: Fly out, F9 (Flyball, 9LM, EV 96.2 MPH)
Batting: RHB Tomokazu Sugimoto 0-0: Called Strike
0-1: Called Strike
0-2: Ground out 6-3 (Groundball, 6, EV 85.0 MPH)
Batting: SHB Jose Castillo 0-0: Bunted foul
0-1: Foul Ball, location: 2F
0-2: Hit by Pitch
Batting: RHB Joe Stading 0-0: Ball
1-0: Called Strike
Jose Castillo is caught stealing 2nd base 2-4
Bottom of the 3rd over - 0 runs, 0 hits, 0 errors, 0 left on base; West Michigan 2 - Clinton 0
TOP OF THE 4TH
West Michigan Whitecaps batting - Pitching for Clinton LumberKings : RHP Marty Maginnis
Batting: SHB Jared Boyce 0-0: Ball
1-0: Foul Ball, location: 2F
1-1: Ball
2-1: Ball
3-1: Called Strike
3-2: Fly out, F9 (Flyball, 9, EV 71.9 MPH)
Batting: RHB Jordan Mejias 0-0: Ball
1-0: Called Strike
1-1: Ball
2-1: Ball
3-1: Swinging Strike
3-2: Foul Ball, location: 2F
3-2: Strikes out swinging
Batting: RHB Victor Reyes 0-0: Ball
1-0: SINGLE (Groundball, 15S, EV 69.4 MPH) (infield hit)
Batting: RHB Jordan Hall 0-0: Called Strike
0-1: Swinging Strike
0-2: SINGLE (Groundball, 6D, EV 96.2 MPH)
Victor Reyes to second
Batting: RHB Tanner Purchase 0-0: Ball
1-0: Ball
2-0: Ball
3-0: Called Strike
3-1: Called Strike
3-2: Ground out 5-3 (Groundball, 56, EV 84.4 MPH)
Top of the 4th over - 0 runs, 2 hits, 0 errors, 2 left on base; West Michigan 2 - Clinton 0
BOTTOM OF THE 4TH
Clinton LumberKings batting - Pitching for West Michigan Whitecaps : RHP Ricky Tercero
Batting: RHB Joe Stading 0-0: Ball
1-0: Swinging Strike
1-1: Fly out, F9 (Flyball, 9S, EV 85.6 MPH)
Batting: LHB Justin Long 0-0: Called Strike
0-1: Ball
1-1: Ground out 4-3 (Groundball, 4S, EV 64.4 MPH)
Batting: RHB Micah Roth 0-0: Swinging Strike
0-1: Ball
1-1: Ball
2-1: Swinging Strike
2-2: SINGLE (Line Drive, 8RS, EV 95.6 MPH)
Batting: LHB Chang Huie 0-0: Ball
1-0: Called Strike
Micah Roth steals 2nd base
1-1: Ball
2-1: Called Strike
2-2: Foul Ball, location: 2F
2-2: Ball
3-2: Strikes out swinging
Bottom of the 4th over - 0 runs, 1 hit, 0 errors, 1 left on base; West Michigan 2 - Clinton 0
TOP OF THE 5TH
West Michigan Whitecaps batting - Pitching for Clinton LumberKings : RHP Marty Maginnis
Batting: SHB Sean Foley 0-0: Ball
1-0: Called Strike
1-1: Ball
2-1: Fly out, F9 (Flyball, 9LS, EV 88.8 MPH)
Batting: RHB Dan Becvar 0-0: Ball
1-0: Ball
2-0: Fly out, F6 (Line Drive, 6, EV 58.8 MPH)
Batting: SHB Ross Holland 0-0: Called Strike
0-1: Ball
1-1: Ball
2-1: Ball
3-1: DOUBLE (Line Drive, 8RXD, EV 105.6 MPH)
Pitching: RHP Adam Fair
Batting: LHB Oscar Gonzalez 0-0: Called Strike
0-1: Foul Ball, location: 2F
0-2: Ball
1-2: Strikes out swinging
Top of the 5th over - 0 runs, 1 hit, 0 errors, 1 left on base; West Michigan 2 - Clinton 0
BOTTOM OF THE 5TH
Clinton LumberKings batting - Pitching for West Michigan Whitecaps : RHP Ricky Tercero
Batting: SHB Raghnall Ahearne 0-0: Foul Ball, location: 2F
0-1: Bunted foul
0-2: Ball
1-2: Ball
2-2: Ball
3-2: Strikes out looking
Batting: RHB Clay Statum 0-0: Ball
1-0: SINGLE (Groundball, 6D, EV 113.1 MPH)
Batting: RHB Danny Pujols 0-0: 2-RUN HOME RUN (Flyball, 7LD, EV 95.6 MPH), Distance : 368 ft
Batting: RHB Tomokazu Sugimoto 0-0: Ball
1-0: Foul Ball, location: 2F
1-1: Ball
2-1: Ground out 6-3 (Groundball, 56, EV 104.4 MPH)
Batting: SHB Jose Castillo 0-0: Ball
1-0: Ball
2-0: Ball
3-0: Base on Balls
Batting: RHB Joe Stading 0-0: Ball
1-0: Called Strike
1-1: Ball
2-1: Swinging Strike
2-2: Strikes out swinging
Bottom of the 5th over - 2 runs, 2 hits, 0 errors, 1 left on base; West Michigan 2 - Clinton 2
TOP OF THE 6TH
West Michigan Whitecaps batting - Pitching for Clinton LumberKings : RHP Adam Fair
Batting: SHB Jared Boyce 0-0: Called Strike
0-1: Swinging Strike
0-2: Strikes out looking
Batting: RHB Jordan Mejias 0-0: Called Strike
0-1: Ball
1-1: Called Strike
1-2: SINGLE (Groundball, 4MD, EV 101.2 MPH)
Batting: RHB Victor Reyes Pickoff Throw to First - Out! 1-3
0-0: Foul Ball, location: 2F
0-1: Foul Ball, location: 2F
0-2: Ball
1-2: Foul Ball, location: 2F
1-2: Ground out 3-1 (Groundball, 34, EV 106.9 MPH)
Top of the 6th over - 0 runs, 1 hit, 0 errors, 0 left on base; West Michigan 2 - Clinton 2
BOTTOM OF THE 6TH
Clinton LumberKings batting - Pitching for West Michigan Whitecaps : RHP Ricky Tercero
Batting: LHB Justin Long 0-0: Ball
1-0: Foul Ball, location: 2F
1-1: Ball
2-1: Ball
3-1: Swinging Strike
3-2: Strikes out looking
Batting: RHB Micah Roth 0-0: Ball
1-0: Called Strike
1-1: Called Strike
1-2: Ball
2-2: Ball
3-2: Ground out 1-3 (Groundball, P, EV 71.9 MPH)
Batting: LHB Chang Huie 0-0: Swinging Strike
0-1: Ground out 6-3 (Groundball, 56, EV 90.6 MPH)
Bottom of the 6th over - 0 runs, 0 hits, 0 errors, 0 left on base; West Michigan 2 - Clinton 2
TOP OF THE 7TH
West Michigan Whitecaps batting - Pitching for Clinton LumberKings : RHP Adam Fair
Pitching: RHP Jose Rios
Batting: RHB Jordan Hall 0-0: Ball
1-0: Foul Ball, location: 2F
1-1: Ball
2-1: DOUBLE (Line Drive, 3D, EV 95.0 MPH)
Batting: RHB Tanner Purchase 0-0: Ball
1-0: Called Strike
1-1: Ball
2-1: Foul Ball, location: 2F
2-2: Fly out, F8 (Line Drive, 8LM, EV 110.6 MPH)
Batting: SHB Sean Foley 0-0: Ground out 6-3 (Groundball, 6, EV 87.5 MPH)
Batting: RHB Dan Becvar 0-0: Foul Ball, location: 2F
0-1: Foul Ball, location: 2F
0-2: Strikes out swinging
Top of the 7th over - 0 runs, 1 hit, 0 errors, 1 left on base; West Michigan 2 - Clinton 2
BOTTOM OF THE 7TH
Clinton LumberKings batting - Pitching for West Michigan Whitecaps : RHP Ricky Tercero
Pitching: RHP Luke Totzke
Batting: SHB Raghnall Ahearne 0-0: Called Strike
0-1: Ball
1-1: Called Strike
1-2: Ball
2-2: Foul Ball, location: 2F
2-2: Strikes out swinging
Batting: RHB Clay Statum 0-0: Called Strike
0-1: Ball
1-1: Foul Ball, location: 2F
1-2: Strikes out swinging
Batting: RHB Danny Pujols 0-0: Foul Ball, location: 2F
0-1: Foul Ball, location: 2F
0-2: Ball
1-2: Strikes out swinging
Bottom of the 7th over - 0 runs, 0 hits, 0 errors, 0 left on base; West Michigan 2 - Clinton 2
TOP OF THE 8TH
West Michigan Whitecaps batting - Pitching for Clinton LumberKings : RHP Jose Rios
Batting: SHB Ross Holland 0-0: Swinging Strike
0-1: Ball
1-1: Called Strike
1-2: Ball
2-2: Foul Ball, location: 2F
2-2: Ball
3-2: Fly out, F5 (Popup, 5SF, EV 85.6 MPH)
Batting: LHB Oscar Gonzalez 0-0: Ball
1-0: Called Strike
1-1: Ground out 6-3 (Groundball, 6M, EV 105.6 MPH)
Batting: SHB Jared Boyce 0-0: Called Strike
0-1: Foul Ball, location: 2F
0-2: Ground out 4-3 (Groundball, 4, EV 90.0 MPH)
Top of the 8th over - 0 runs, 0 hits, 0 errors, 0 left on base; West Michigan 2 - Clinton 2
BOTTOM OF THE 8TH
Clinton LumberKings batting - Pitching for West Michigan Whitecaps : RHP Luke Totzke
Batting: RHB Tomokazu Sugimoto 0-0: Ball
1-0: Foul Ball, location: 2F
1-1: Reached on error, E5 (Groundball, 56S, EV 93.1 MPH)
Batting: SHB Jose Castillo 0-0: Ball
1-0: Sac Bunt to 15S - play at first, batter OUT! 1-4
Tomokazu Sugimoto to second
Batting: RHB Joe Stading 0-0: Called Strike
0-1: Called Strike
0-2: Strikes out swinging
Batting: LHB Justin Long 0-0: Ball
1-0: Called Strike
1-1: DOUBLE (Line Drive, 9LM, EV 101.9 MPH)
Tomokazu Sugimoto scores
Batting: RHB Micah Roth 0-0: Ball
1-0: Foul Ball, location: 2F
1-1: Called Strike
1-2: Foul Ball, location: 2F
1-2: Strikes out swinging
Bottom of the 8th over - 1 run, 1 hit, 1 error, 1 left on base; West Michigan 2 - Clinton 3
TOP OF THE 9TH
West Michigan Whitecaps batting - Pitching for Clinton LumberKings : RHP Jose Rios
Pitching: RHP Willie Sanchez
Batting: RHB Jordan Mejias 0-0: SINGLE (Flyball, 8RXD, EV 109.4 MPH)
Batting: RHB Victor Reyes 0-0: Called Strike
0-1: Ball
1-1: DOUBLE (Line Drive, 78XD, EV 106.9 MPH)
Jordan Mejias to third
Runner from 3rd tries for Home, SAFE, no throw by LF
Batting: RHB Jordan Hall 0-0: Called Strike
0-1: Called Strike
0-2: Ball
1-2: Strikes out looking
Batting: RHB Tanner Purchase 0-0: Ball
1-0: Called Strike
1-1: SINGLE (Line Drive, 9S, EV 92.5 MPH)
Victor Reyes to third
Runner from 3rd tries for Home, throw by RF and OUT! 9-2
Tanner Purchase to second
Batting: SHB Sean Foley 0-0: Ball
1-0: Foul Ball, location: 2F
1-1: Ball
2-1: Ball
3-1: Foul Ball, location: 2F
3-2: Foul Ball, location: 2F
3-2: Base on Balls
Batting: RHB Dan Becvar 0-0: Ball
1-0: Called Strike
1-1: Foul Ball, location: 2F
1-2: Strikes out swinging
Top of the 9th over - 1 run, 3 hits, 0 errors, 2 left on base; West Michigan 3 - Clinton 3
BOTTOM OF THE 9TH
Clinton LumberKings batting - Pitching for West Michigan Whitecaps : RHP Luke Totzke
Pitching: LHP Valentin Ciubotariu
Pinch Hitting: RHB Justin Colella 0-0: Swinging Strike
0-1: Swinging Strike
0-2: Foul Ball, location: 2F
0-2: Strikes out looking
Batting: SHB Raghnall Ahearne 0-0: Called Strike
0-1: Fly out, F9 (Flyball, 89D, EV 105.0 MPH)
Batting: RHB Clay Statum 0-0: Called Strike
0-1: Foul Ball, location: 2F
0-2: Ground out U3 (Groundball, 34, EV 86.2 MPH)
Bottom of the 9th over - 0 runs, 0 hits, 0 errors, 0 left on base; West Michigan 3 - Clinton 3
TOP OF THE 10TH
West Michigan Whitecaps batting - Pitching for Clinton LumberKings : RHP Willie Sanchez
Pitching: RHP Jamie Johnston
Now at SS: Emmanuel Thomas
Batting: SHB Ross Holland 0-0: Fly out, F6 (Flyball, 6D, EV 80.0 MPH)
Batting: LHB Oscar Gonzalez 0-0: Swinging Strike
0-1: Foul Ball, location: 2F
0-2: Strikes out swinging
Batting: SHB Jared Boyce 0-0: Called Strike
0-1: Swinging Strike
0-2: Foul Ball, location: 2F
0-2: Ball
1-2: Foul Ball, location: 2F
1-2: Ball
2-2: Ball
3-2: Strikes out swinging
Top of the 10th over - 0 runs, 0 hits, 0 errors, 0 left on base; West Michigan 3 - Clinton 3
BOTTOM OF THE 10TH
Clinton LumberKings batting - Pitching for West Michigan Whitecaps : LHP Valentin Ciubotariu
Batting: RHB Danny Pujols 0-0: Ball
1-0: Called Strike
1-1: Called Strike
1-2: Foul Ball, location: 2F
1-2: Ball
2-2: SINGLE (Line Drive, 9S, EV 97.5 MPH)
Batting: RHB Tomokazu Sugimoto 0-0: Sac Bunt to 15S - play at first, batter OUT! 1-4
Danny Pujols to second
Batting: SHB Jose Castillo 0-0: Ball
1-0: Ball
2-0: Foul Ball, location: 2F
2-1: Ball
3-1: Base on Balls
Batting: RHB Joe Stading 0-0: Ball
1-0: Ground out 5-3 (Groundball, 56S, EV 68.8 MPH)
Danny Pujols to third
Jose Castillo to second
Batting: LHB Justin Long 0-0: Called Strike
0-1: Ball
1-1: Called Strike
1-2: Ball
2-2: Strikes out swinging
Bottom of the 10th over - 0 runs, 1 hit, 0 errors, 2 left on base; West Michigan 3 - Clinton 3
TOP OF THE 11TH
West Michigan Whitecaps batting - Pitching for Clinton LumberKings : RHP Jamie Johnston
Batting: RHB Jordan Mejias 0-0: Called Strike
0-1: Ball
1-1: Ground out 4-3 (Groundball, 4, EV 105.0 MPH)
Batting: RHB Victor Reyes 0-0: Ball
1-0: Foul Ball, location: 2F
1-1: DOUBLE (Groundball, 5L, EV 108.1 MPH)
Batting: RHB Jordan Hall 0-0: Called Strike
0-1: Fly out, F7 (Flyball, 78D, EV 101.2 MPH)
Batting: RHB Tanner Purchase 0-0: TRIPLE (Flyball, 8RXD, EV 98.1 MPH)
Victor Reyes scores
Batting: SHB Sean Foley 0-0: Ball
1-0: Foul Ball, location: 2F
1-1: Foul Ball, location: 2F
1-2: Fly out, F8 (Flyball, 78M, EV 90.6 MPH)
Top of the 11th over - 1 run, 2 hits, 0 errors, 1 left on base; West Michigan 4 - Clinton 3
BOTTOM OF THE 11TH
Clinton LumberKings batting - Pitching for West Michigan Whitecaps : LHP Valentin Ciubotariu
Batting: RHB Micah Roth 0-0: Called Strike
0-1: Ball
1-1: Ball
2-1: Fly out, F9 (Flyball, 9S, EV 88.1 MPH)
Batting: RHB Emmanuel Thomas 0-0: Ball
1-0: Called Strike
1-1: Called Strike
1-2: Ball
2-2: Foul Ball, location: 2F
2-2: Strikes out looking
Batting: SHB Raghnall Ahearne 0-0: Ball
1-0: Ball
2-0: Ball
3-0: Called Strike
3-1: Called Strike
3-2: Strikes out swinging
Bottom of the 11th over - 0 runs, 0 hits, 0 errors, 0 left on base; West Michigan 4 - Clinton 3
Wednesday, June 22nd , 2022 - OOTP Baseball 23.4 Build 64